 Dungeon Crawl Stone Soup version 0.30-a0-305-g026cb31310 (webtiles) character file.

Game seed: 14814635989681799747

72 greasedhog the Magician (level 4, 0/25 HPs)
             Began as a Gargoyle Hedge Wizard on Oct 24, 2022.
             Slain by an iguana (12 damage)
             ... on level 3 of the Dungeon.
             The game lasted 00:03:11 (2659 turns).

greasedhog the Magician (Gargoyle Hedge Wizard)     Turns: 2659, Time: 00:03:11

Health: 0/25       AC:  6    Str: 14    XL:     4   Next: 26%
Magic:  1/8        EV: 12    Int: 16    God:
Gold:   131        SH:  0    Dex: 15    Spells: 6/9 levels left

rFire   . . .      SeeInvis .    g - +3 short sword
rCold   . . .      Faith    .    (no shield)
rNeg    + . .      Spirit   .    b - +0 robe
rPois   ∞          Reflect  .    c - +0 hat
rElec   +          Harm     .    (no cloak)
rCorr   .          Rampage  .    k - +0 pair of gloves
Will    .....                    (no boots)
Stlth   ++........               i - amulet of regeneration
HPRegen 1.04/turn                l - +6 ring of dexterity
MPRegen 0.11/turn                (no ring)

@: very slightly contaminated
A: sickness immunity, AC +3, negative energy resistance 1, electricity
resistance, torment resistance 1, petrification resistance
a: no special abilities


You were on level 3 of the Dungeon.
You visited 1 branch of the dungeon, and saw 3 of its levels.

You collected 131 gold pieces.

Inventory:

Hand Weapons
 g - a +3 short sword (weapon)
Armour
 b - a +0 robe (worn)
 c - a +0 hat (worn)
 k - a +0 pair of gloves (worn)
Jewellery
 i - an amulet of regeneration (around neck)
 l - a +6 ring of dexterity (left hand)
Scrolls
 a - 4 scrolls of enchant weapon {unknown}
 m - a scroll of magic mapping {unknown}
 n - a scroll of vulnerability {unknown}
 o - a scroll of amnesia
 p - a scroll of poison {unknown}
 r - 3 scrolls of noise {unknown}
Potions
 d - a potion of magic
 e - 2 potions of mutation {unknown}
 f - a potion of cancellation
 h - 2 potions of curing {unknown}
 j - 2 potions of degeneration {unknown}
 q - a potion of flight {unknown}
 s - a potion of lignification {unknown}


   Skills:
 + Level 1.4 Fighting
 - Level 1.5 Dodging
 - Level 2.1 Stealth
 - Level 3.0 Spellcasting
 * Level 2.9 Conjurations
 - Level 0.8 Summonings
 * Level 2.3 Translocations


You had 6 spell levels left.
You knew the following spells:

 Your Spells              Type           Power      Damage    Failure   Level
a - Magic Dart            Conj           44%        1d5       5%          1
b - Blink                 Tloc           18%        N/A       11%         2

Your spell library contained the following spells:

 Spells                   Type           Power      Damage    Failure   Level
 Slow                     Hex            8%         N/A       19%         1
 Call Imp                 Summ           5%         N/A       21%         2
 Hailstorm                Conj/Ice       7%         3d4       30%         3
 Mephitic Cloud           Conj/Pois/Air  5%         N/A       36%         3
 Ice Form                 Ice/Tmut       2%         N/A       88%         4
 Simulacrum               Ice/Necr       1%         N/A       100%        6
 Cigotuvi's Dreadful Rot  Necr/Pois/Air  Unusable   N/A       N/A         2

Dungeon Overview and Level Annotations

Branches:
Dungeon (3/15)

Altars:


Innate Abilities, Weirdness & Mutations

You are immune to sickness and miasma.
Your stone body is resilient. (AC +3)
You are immune to poison.
You resist negative energy. (rN+)
You are resistant to electric shocks. (rElec)
You are resistant to unholy torment.
You are immune to petrification.


Message History

You kill the quokka!
You can't see any susceptible monsters within range! (Use Z to cast anyway.)
You can't see any susceptible monsters within range! (Use Z to cast anyway.)
You can't see any susceptible monsters within range! (Use Z to cast anyway.) Magic restored.
An iguana comes into view.
Found an emerald potion.
You see here a quokka corpse.
An iguana is nearby!
An iguana is nearby!
The magic dart hits the iguana but does no damage.
The iguana hisses angrily.
The magic dart hits the iguana.
The iguana is lightly wounded.
The magic dart hits the iguana.
The iguana is heavily wounded.
You miscast Magic Dart.
You are very lightly contaminated with residual magic.
Nothing appears to happen.
The magic dart hits the iguana but does no damage.
The iguana is heavily wounded.
The magic dart hits the iguana.
The iguana is severely wounded.
The iguana closely misses you.
The magic dart hits the iguana but does no damage.
The iguana is severely wounded.
The iguana bites you.
The magic dart hits the iguana.
The iguana is almost dead.
The iguana misses you.
You hit the iguana but do no damage.
The iguana is almost dead.
The iguana bites you.
You hit the iguana.
The iguana is almost dead.
The iguana bites you!
You hit the iguana but do no damage.
The iguana is almost dead.
The iguana bites you!
You die...

#.........
.....#....
.####.$........
.............##
...!...........
......#..#...# .
#...l......##...
.##..##@.##.......
..................
...................
#..#.####.#.......#
.. #. #.......... .
# #.##..##.#.#..#
#.............#
.###.##.#.###.#.##
..................


You could see an iguana.

Vanquished Creatures
  A gnoll (D:1)
  2 adders (D:2)
  A worm (D:2)
  2 dart slugs
  2 bats (D:1)
  3 endoplasms
  A giant cockroach (D:1)
  2 goblins (D:1)
  4 hobgoblins (D:1)
  A jackal (D:1)
  10 kobolds
  A quokka (D:3)
  3 ball pythons
  2 frilled lizards (D:1)
  A rat (D:1)
36 creatures vanquished.

Notes
Turn   | Place    | Note
-------+----------+-------------------------------------------
     0 | D:1      | greasedhog the Gargoyle Hedge Wizard began the quest for
                  | the Orb.
     0 | D:1      | Reached XP level 1. HP: 10/10 MP: 4/4
    19 | D:1      | Reached skill level 1 in Translocations
   316 | D:1      | Reached XP level 2. HP: 13/16 MP: 1/6
   320 | D:1      | Learned a level 2 spell: Blink
   651 | D:1      | Reached skill level 1 in Fighting
   814 | D:1      | Reached XP level 3. HP: 20/20 MP: 3/7
  1896 | D:2      | Reached XP level 4. HP: 25/25 MP: 2/8
  2086 | D:2      | Found a faded altar of an unknown god.
  2659 | D:3      | Slain by an iguana

Illustrated notes

Levels and vault maps discovered:
D:1:      elethiomel_arrival_fortress_basement, layout_basic,
          serial_bayou_pond_b
D:2:      layout_rooms, shapermc_ecumenical_altar_ellora, minivault_11,
          chequers_garden
D:3:      layout_basic, serial_shops, nicolae_shop_waterfront,
          dreamdust_princess_corridor

Skill      XL: |  1  2  3 |
---------------+----------+-----
Translocations | 1 2 |  2.3
Conjurations   | 2 |  2.9
Fighting       | 1 |  1.4
Dodging        | |  1.5
Stealth        | |  2.1
Spellcasting   | |  3.0
Summonings     | |  0.8

Action                   |  1- 3 |  4- 6 || total
-------------------------+-------+-------++-------
Melee: Dagger            |    21 |       ||    21
       Short sword       |     7 |     8 ||    15
 Cast: Magic Dart        |    81 |    32 ||   113
  Use: Scroll            |     2 |     1 ||     3
Armor: Robe              |    12 |       ||    12
Dodge: Dodged            |    28 |     3 ||    31

Table legend: (Time is in decaauts)
 A = Elapsed time spent in this place.
 B = Non-inter-level travel time spent in this place.
 C = Inter-level travel time spent in this place.
 D = Time resting spent in this place.
 E = Time spent auto-exploring this place.
 F = Levels seen in this place.
 G = Mean time per level.
                   A        B        C        D        E       F      G
               +--------+--------+--------+--------+--------+-----+--------+
         Total |   2657 |   2567 |     90 |    521 |   1762 |   3 |  885.7 |
       Dungeon |   2657 |   2567 |     90 |    521 |   1762 |   3 |  885.7 |
               +--------+--------+--------+--------+--------+-----+--------+

Top non-repeatable levels by time:
     D:1: 1622 daAuts
     D:2: 989 daAuts
     D:3: 45 daAuts
